 Dungeon Crawl Stone Soup version 0.18.1-50-g88ac8fd (webtiles) character file.

60 Nordron the Insei (level 4, -2/38 HPs)
             Began as a Naga Transmuter on Sept 22, 2016.
             Killed from afar by Sigmund (13 damage)
             ... with a puff of flame
             ... on level 3 of the Dungeon.
             The game lasted 00:09:04 (1951 turns).

Nordron the Insei (Naga Transmuter)                 Turns: 1951, Time: 00:09:05

Health: -2/38      AC:  3    Str: 12    XL:     4   Next: 6%
Magic:  5/7        EV:  9    Int: 13    God:
Gold:   122        SH:  0    Dex: 13    Spells: 3 memorised, 0 levels left

rFire  . . .     SeeInvis +       - Unarmed
rCold  + . .     Gourm    .     m - +0 leather armour
rNeg   . . .     Faith    .     (no shield)
rPois  +         Spirit   .     (no helmet)
rElec  .         Dismiss  .     (no cloak)
rCorr  .         Reflect  .     (no gloves)
SustAt .         Harm     .     (no barding)
MR     .....                    (no amulet)
Stlth  +.........               (no ring)
                                g - ring of protection from cold

@: appendage, very slightly contaminated, very slow, not resistant to hostile
enchantments, very unstealthy
A: horns 2, see invisible, deformed body, poison resistance, slowness 2, slow
metabolism 1, spit poison 2, AC +1
a: Spit Poison, End Transformation


You were on level 3 of the Dungeon.
You were not hungry.
You had grown temporary horns.
You visited 1 branch of the dungeon, and saw 3 of its levels.

You collected 122 gold pieces.

Inventory:

Hand Weapons
 e - a +0 vampiric whip
Missiles
 a - 63 arrows
Armour
 b - a +0 robe
 h - a +0 chain mail
 m - a +0 leather armour (worn)
Jewellery
 g - a ring of protection from cold (left hand)
 i - an uncursed ring of fire {unknown}
 p - an uncursed ring of resist corrosion {unknown}
Scrolls
 f - a scroll of identify {unknown}
 j - a scroll of recharging {unknown}
 k - a scroll of amnesia
Potions
 n - a potion of might {unknown}
 o - a potion of brilliance {unknown}
Books
 c - a book of Changes

   Spells                             Type                      Level
   a - Beastly Appendage              Transmutation                1
   b - Sticks to Snakes               Transmutation                2
   c - Spider Form                    Transmutation/Poison         3
   d - Ice Form                       Ice/Transmutation            4
   e - Blade Hands                    Transmutation                5
Comestibles
 d - 2 bread rations
 l - a slice of pizza
 q - 3 fruits


   Skills:
 + Level 1.1 Fighting
 + Level 1.4 Armour
 + Level 1.9 Dodging
 + Level 0.4 Stealth
 + Level 3.3 Unarmed Combat
 + Level 2.5 Spellcasting
 * Level 2.2 Transmutations


You couldn't memorise any spells.
You knew the following spells:

 Your Spells              Type           Power        Failure   Level  Hunger
a - Beastly Appendage     Trmt           #.....       14%         1    #......
b - Ice Form              Ice/Trmt       #.......     99%         4    #####..
c - Spider Form           Trmt/Pois      #.........   67%         3    ###....


Dungeon Overview and Level Annotations

Branches:
Dungeon (3/15)

Altars:
Elyvilon

Annotations:
D:3 Sigmund


Innate Abilities, Weirdness & Mutations

You cannot wear boots.
Your serpentine skin is tough (AC +1).
You have supernaturally acute eyesight.
Armour fits poorly on your strangely shaped body.
Your system is resistant to poisons.
You cover ground very slowly.
You have a slow metabolism.
You can spit poison.
You have a pair of horns on your head.


Message History

Confirm with . or Enter, or press ? or * to list all spells.
You miscast Beastly Appendage.
You are very lightly contaminated with residual magic.
Nothing appears to happen.
Sigmund points at you and mumbles some strange words.
You resist with some effort.
Casting: Beastly Appendage
Confirm with . or Enter, or press ? or * to list all spells.
You grow a pair of large bovine horns.
Sigmund closely misses you.
You hit Sigmund.
Sigmund is heavily wounded.
Sigmund barely misses you.
A giant cockroach comes into view.
You hit Sigmund but do no damage.
Sigmund is heavily wounded.
You hit Sigmund.
Sigmund is heavily wounded.
Sigmund points at you and mumbles some strange words.
The puff of flame hits you!
You die...

### ...
#.# #.#
#.#
######.#
#......#
#....@<#
....###@##
..# ..S. .
#.#..#
#.#?.#_ .
##?##. .s
.##8. ..
.# ##8


You could see Sigmund, a giant cockroach and a ball python.

Vanquished Creatures
  2 adders (D:2)
  A worm (D:2)
  8 bats
  2 giant cockroaches
  7 goblins (D:1)
  4 hobgoblins
  2 jackals (D:2)
  A quokka (D:2)
  2 ball pythons
  2 giant newts
  3 kobolds
  2 rats (D:1)
36 creatures vanquished.

Notes
Turn   | Place    | Note
--------------------------------------------------------------
     0 | D:1      | Nordron the Naga Transmuter began the quest for the Orb.
     0 | D:1      | Reached XP level 1. HP: 18/18 MP: 3/3
   253 | D:1      | Reached XP level 2. HP: 21/25 MP: 3/5
   804 | D:2      | Reached XP level 3. HP: 31/31 MP: 6/6
  1085 | D:2      | Reached skill level 1 in Armour
  1352 | D:2      | HP: 1/31 [poisoned by an adder]
  1734 | D:2      | Reached XP level 4. HP: 30/38 MP: 7/7
  1761 | D:2      | Learned a level 4 spell: Ice Form
  1765 | D:2      | Learned a level 3 spell: Spider Form
  1928 | D:3      | Noticed Sigmund
  1940 | D:3      | Found a white marble altar of Elyvilon.
  1951 | D:3      | Killed from afar by Sigmund

Skill      XL: |  1  2  3 |
---------------+----------+-----
Armour         | 1 |  1.4
Fighting       | |  1.1
Dodging        | |  1.9
Stealth        | |  0.4
Unarmed Combat | |  3.3
Spellcasting   | |  2.5
Transmutations | |  2.2

Action                   |  1- 3 |  4- 6 || total
-------------------------+-------+-------++-------
Melee: Unarmed           |   150 |    27 ||   177
       Headbutt          |     4 |     3 ||     7
 Cast: Beastly Appendage |     6 |     3 ||     9
  Use: Scroll            |       |     1 ||     1
 Stab: Sleeping          |     1 |       ||     1
  Eat: Chunk             |     2 |     1 ||     3
Armor: Chain mail        |    64 |       ||    64
       Robe              |     2 |       ||     2
       Leather armour    |    15 |     5 ||    20
Dodge: Dodged            |    56 |     9 ||    65
